 Dungeon Crawl Stone Soup version 0.31-a0-237-g2d982f9f85 (webtiles) character file.

Game seed: 16098933034049948192

14 qw the Shooter (level 2, -1/24 HPs)
             Began as a Minotaur Hexslinger on July 10, 2023.
             Slain by a gnoll
             ... wielding a +0 spear
              (4 damage)
             ... on level 1 of the Dungeon.
             The game lasted 00:00:07 (122 turns).

qw the Shooter (Minotaur Hexslinger)                 Turns: 122, Time: 00:00:07

Health: -1/24      AC:  2    Str: 12    XL:     2   Next: 31%
Magic:  2/2        EV: 12    Int: 10    God:
Gold:   0          SH:  0    Dex: 12    Spells: 2/3 levels left

rFire   . . .        a - +1 sling
rCold   . . .        (no shield)
rNeg    . . .        c - +0 robe
rPois   .            (helmet restricted)
rElec   .            (no cloak)
rCorr   .            (no gloves)
SInv    .            (no boots)
Will    .....        (no amulet)
Stlth   +            (no ring)
HPRegen 0.24/turn    (no ring)
MPRegen 0.08/turn

%: no passive effects
@: no status effects
A: horns 2, retaliatory headbutt
a: no special abilities


You were on level 1 of the Dungeon.
You visited 1 branch of the dungeon, and saw 1 of its levels.


Innate Abilities, Weirdness & Mutations

You have a pair of horns on your head.
You reflexively headbutt those who attack you in melee.


   Skills:
 + Level 1.8 Fighting
 - Level 3.1 Ranged Weapons
 - Level 2.1 Dodging
 - Level 1.0 Spellcasting
 - Level 2.0 Hexes


You had 2 spell levels left.
You knew the following spells:

 Your Spells              Type           Power      Damage    Failure   Level
a - Slow                  Hex            16%        N/A       16%         1

Your spell library contained the following spells:

 Spells                   Type           Power      Damage    Failure   Level
 Inner Flame              Hex/Fire       2%         N/A       56%         3
 Portal Projectile        Hex/Tloc       4%         N/A       56%         3
 Cause Fear               Hex            2%         N/A       83%         4

Inventory:

Hand Weapons
 a - a +1 sling (weapon)
Armour
 c - a +0 robe (worn)
 d - a +0 pair of gloves
Scrolls
 b - a scroll of poison
Potions
 e - a potion of curing {unknown}

Dungeon Overview and Level Annotations

Branches:
Dungeon (1/15)

Altars:


Message History

The hobgoblin is severely wounded.
The goblin closely misses you. You furiously retaliate!
You headbutt the goblin!
You kill the goblin!
The hobgoblin misses you.
You shoot a sling bullet. The sling bullet hits the hobgoblin.
You kill the hobgoblin!
You shoot a sling bullet.
The sling bullet barely misses the hobgoblin.
The hobgoblin barely misses you.
You shoot a sling bullet.
The sling bullet barely misses the ball python.
The ball python barely misses you. The ball python grabs you.
The ball python constricts you. The dart slug launches a dart at you.
The slug dart hits you.
A gnoll comes into view. It is wielding a +0 spear.
The hobgoblin barely misses you. The ball python closely misses you.
You furiously retaliate!
You headbutt the ball python!
You kill the ball python!
You shoot a sling bullet. The sling bullet hits the hobgoblin.
The hobgoblin is moderately wounded.
The hobgoblin hits you.
You shoot a sling bullet.
The sling bullet hits the hobgoblin but does no damage.
The hobgoblin is moderately wounded.
A ball python comes into view.
The hobgoblin hits you. x2
You shoot a sling bullet. The ball python hisses angrily.
The sling bullet hits the hobgoblin but does no damage.
The hobgoblin is moderately wounded.
The dart slug bites you. The hobgoblin hits you.
You shoot a sling bullet. The sling bullet hits the hobgoblin!
You kill the hobgoblin!
The dart slug launches a dart at you. The slug dart hits you.
You shoot a sling bullet. The sling bullet hits the dart slug.
The dart slug is moderately wounded.
The gnoll hits you from afar with a +0 spear.
You die...

....... .... .....#.
.... ....... ###....
....... #.... .
.......##... .#######
.....g..#.# .......#
......)%w.# #......#
....S..@%.######......#
.....#.#.......#......##
... ...#.##.............
. .......###..........#.
.....#.....#####.......(
#..[#..#.. ... #.....>##
..#...####. #.##......#
###... #.#..#......# #.?
#......######


You could see a gnoll, a dart slug and a ball python.

Vanquished Creatures
  A dart slug (D:1)
  An endoplasm (D:1)
  A goblin (D:1)
  2 hobgoblins (D:1)
  A quokka (D:1)
  A ball python (D:1)
  4 bats (D:1)
11 creatures vanquished.

Notes
Turn   | Place    | Note
-------+----------+-------------------------------------------
     0 | D:1      | qw the Minotaur Hexslinger began the quest for the Orb.
     0 | D:1      | Reached XP level 1. HP: 16/16 MP: 1/1
     0 | D:1      | 0 ||| qw: Version: 0.3-a-52-g30416fa
     0 | D:1      | 0 ||| qw: Game counter: 5163
     0 | D:1      | 0 ||| qw: Melee chars always use a shield: true
     0 | D:1      | 0 ||| qw: God list: Okawaru
     0 | D:1      | 0 ||| qw: Allow faded altars: false
     0 | D:1      | 0 ||| qw: Do Orc after clearing Dungeon:15 true
     0 | D:1      | 0 ||| qw: Do second Lair branch before Depths: true
     0 | D:1      | 0 ||| qw: Lair rune preference: random
     0 | D:1      | 0 ||| qw: Goals: Normal
     0 | D:1      | 0 ||| PLANNING D:1-11
    35 | D:1      | 35 ||| FLEEEEING.
    36 | D:1      | 36 ||| FLEEEEING.
    37 | D:1      | 37 ||| FLEEEEING.
    38 | D:1      | 38 ||| FLEEEEING.
    39 | D:1      | 39 ||| FLEEEEING.
   106 | D:1      | Reached skill level 3 in Ranged Weapons
   106 | D:1      | Reached XP level 2. HP: 23/23 MP: 2/2
   121 | D:1      | HP: 3/24 [dart slug/slug dart (4)]
   122 | D:1      | Slain by a gnoll

Levels and vault maps discovered:
D:1:      tarquinn_simple_flora_water_f, layout_rooms

Skill      XL: |  1 |
---------------+----+-----
Ranged Weapons | 3 |  3.1
Fighting       | |  1.8
Dodging        | |  2.1
Spellcasting   | |  1.0
Hexes          | |  2.0

Action                     || total
---------------------------++-------
   Fire: Sling             ||    30
 Armour: Robe              ||     1
  Dodge: Dodged            ||    11

Table legend:
 A = Non-vault XP
 B = Vault XP
 C = Vault XP percentage of total XP
 D = Non-vault monster count
 E = Vault monster count
 F = Vault count percentage of total count
                 A         B        C        D         E       F
            +---------+---------+-------+---------+---------+-------
      Total |      21 |       0 |   0.0 |      11 |       0 |   0.0
            +---------+---------+-------+---------+---------+-------
        D:1 |      21 |       0 |   0.0 |      11 |       0 |   0.0
            +---------+---------+-------+---------+---------+-------
